 Dungeon Crawl Stone Soup version 0.22.1-5-g62c59d9 (webtiles) character file.

50 Yuikono the Sneak (level 3, 0/18 HPs)
             Began as a Vine Stalker Assassin on Jan 15, 2019.
             Was an Initiate of Okawaru.
             Succumbed to a kobold's poison
             ... on level 3 of the Dungeon.
             The game lasted 00:06:17 (1727 turns).

Yuikono the Sneak (Vine Stalker Assassin)           Turns: 1727, Time: 00:06:18

Health: 0/18       AC:  5    Str: 13    XL:     3   Next: 79%
Magic:  0/4        EV: 11    Int: 11    God:    Okawaru [......]
Gold:   43         SH:  0    Dex: 16    Spells: 2/2 levels left

rFire    . . .     SeeInvis .   a - +2 dagger
rCold    . . .     Gourm    .   (no shield)
rNeg     . . .     Faith    .   i - +0 leather armour
rPois    .         Spirit   +   c - +0 helmet
rElec    .         Reflect  .   d - +0 cloak
rCorr    .         Harm     +   (no gloves)
MR       .....                  (no boots)
Stlth    +++.......             l - amulet of harm
HPRegen  0.06/turn              n - ring of flight
MPRegen  0.09/turn              (no ring)

@: lethally poisoned (0 -> -18), flying, hasted, very quick
A: fangs 2, magic shield, antimagic bite, no potion heal 3, rot immunity
a: Renounce Religion


You were on level 3 of the Dungeon.
You worshipped Okawaru.
Okawaru was noncommittal.
You were very hungry.

You visited 1 branch of the dungeon, and saw 4 of its levels.

You collected 43 gold pieces.

Inventory:

Hand Weapons
 a - a +2 dagger (weapon)
 b - a +0 blowgun
 s - a +0 hunting sling
Missiles
 e - 8 poisoned needles
 f - 2 curare-tipped needles
 j - 17 arrows
 q - a stone (quivered)
Armour
 c - a +0 helmet (worn)
 d - a +0 cloak (worn)
 i - a +0 leather armour (worn)
Jewellery
 l - an amulet of harm (around neck)
 n - a ring of flight (left hand)
Scrolls
 k - a scroll of enchant armour {unknown}
 m - 2 scrolls of amnesia
 o - a scroll of identify
Potions
 p - a potion of magic {unknown}
Comestibles
 g - 2 rations


   Skills:
 - Level 1.7 Fighting
 + Level 2.4 Short Blades
 + Level 2.5 Throwing
 - Level 0.7 Dodging
 + Level 5.5 Stealth


You had 2 spell levels left.
You didn't know any spells.
Your spell library was empty.

Dungeon Overview and Level Annotations

Branches:
Dungeon (4/15)
 Temple: D:4-7

Altars:
Okawaru


Innate Abilities, Weirdness & Mutations

You have extremely sharp teeth.
When hurt, damage is shared between your health and your magic reserves.
Your bite disrupts and absorbs the magic of your enemies.
Potions cannot restore your health.
You are immune to rotting.


Message History

* * * LOW HITPOINT WARNING * * *
Unknown command.
Unknown command.
Unknown command.
You feel yourself speed up.
* * * LOW HITPOINT WARNING * * *
You feel sick.
The giant cockroach bites you but does no damage.
The gnoll closely misses you.
The kobold shoots a poisoned needle.
The poisoned needle hits you!
You are more poisoned.
The gnoll hits you from afar with a spear.
The hobgoblin barely misses you.
Unknown command.
Unknown command.
Unknown command.
Unknown command.
Unknown command.
Unknown command.
You die...

. #.........# #......
..........# #......
..........########......
.......................#
........................
.........og.............
...$.....g.o............
....K..@(sggo...........
.........K.g............
.............###........
.......####### #.....##.
.###### #.....##.
#.....##. ########. #.


You could see an orc priest, 3 gnolls, 2 orcs, a giant cockroach, a hobgoblin, a
goblin and 2 kobolds.

Vanquished Creatures
  2 adders (D:2)
  2 dart slugs (D:1)
  2 leopard geckos
  3 goblins
  A hobgoblin (D:2)
  3 bats
  4 frilled lizards
  7 kobolds
  5 rats
29 creatures vanquished.

Notes
Turn   | Place    | Note
-------+----------+-------------------------------------------
     0 | D:1      | Yuikono the Vine Stalker Assassin began the quest for the
                  | Orb.
     0 | D:1      | Reached XP level 1. HP: 11/11 MP: 2/2
   281 | D:1      | Reached skill level 5 in Stealth
   334 | D:1      | Reached XP level 2. HP: 15/15 MP: 3/3
   584 | D:1      | Found an iron altar of Okawaru.
   615 | D:1      | Became a worshipper of Warmaster Okawaru
   757 | D:2      | Reached XP level 3. HP: 18/18 MP: 4/4
  1581 | D:3      | You fall through a shaft!
  1727 | D:3      | Succumbed to a kobold's poison

Skill      XL: |  1 |
---------------+----+-----
Stealth        | 5 |  5.5
Short Blades   | 2 |  2.4
Throwing       | 2 |  2.5
Fighting       | |  1.7
Dodging        | |  0.7

Action                   || total
-------------------------++-------
Melee: Dagger            ||    64
       Bite              ||    14
  Use: Potion            ||     3
       Scroll            ||     1
 Stab: Sleeping          ||    14
  Eat: Chunk             ||     1
Armor: Leather armour    ||    32
Dodge: Dodged            ||    67
